 Dungeon Crawl Stone Soup version 0.28.0-43-g3370ac3207 (webtiles) character file.

Game seed: 17311661852265493999

103028 pkoi the Bewitcher (level 15, -12/84 HPs)
             Began as a Deep Elf Conjurer on Mar 16, 2022.
             Was a High Priest of Sif Muna.
             Hit by a javelin thrown by a merfolk javelineer (16 damage)
             ... on level 1 of the Shoals.
             The game lasted 01:16:28 (46031 turns).

pkoi the Bewitcher (Deep Elf Conjurer)             Turns: 46031, Time: 01:16:28

Health: -12/84     AC: 19    Str:  8    XL:     15   Next: 87%
Magic:  4/34       EV: 16    Int: 40    God:    Sif Muna [*****.]
Gold:   143        SH:  5    Dex: 13    Spells: 9/40 levels left

rFire   + . .      SeeInvis .   g - staff of conjuration
rCold   . . .      Faith    .   (no shield)
rNeg    . . .      Spirit   .   M - +1 robe "Muida" {rElec rPois rCorr}
rPois   +          Reflect  +   X - +2 helmet {Int+3}
rElec   +          Harm     .   c - +0 cloak
rCorr   +          Rampage  .   h - +2 pair of gloves
Will    +....                   J - +4 pair of boots of Hittil {rF+ Str+4}
Stlth   +++.......              G - amulet of reflection
HPRegen 0.24/turn               p - +6 ring of intelligence
MPRegen 0.24/turn               A - +4 ring of protection

@: studying Staves
A: no striking features
a: Renounce Religion, Channel Magic, Forget Spell, Divine Exegesis


You were on level 1 of the Shoals.
You worshipped Sif Muna.
Sif Muna was extremely pleased with you.
You visited 7 branches of the dungeon, and saw 24 of its levels.
You also visited: Ossuary and Gauntlet.

You collected 2591 gold pieces.
You spent 2448 gold pieces at shops.

Inventory:

Missiles
 Q - 10 curare-tipped darts
Armour
 c - a +0 cloak (worn)
 h - a +2 pair of gloves (worn)
 t - a +2 robe of cold resistance
 J - the +4 pair of boots of Hittil (worn) {rF+ Str+4}
   (You found it in a Gauntlet)

   Str:       It affects your strength (+4).
   rF:        It protects you from fire.
 M - the +1 robe "Muida" (worn) {rElec rPois rCorr}
   (You bought it in a shop on level 2 of the Orcish Mines)

   rElec:     It insulates you from electricity.
   rPois:     It protects you from poison.
   rCorr:     It protects you from acid and corrosion.
 T - the +0 robe of Foolhardiness {+Inv Str+2 SInv}
   (You bought it in a shop on level 8 of the Dungeon)

   Str:       It affects your strength (+2).
   SInv:      It lets you see invisible.
   +Inv:      It lets you turn invisible.
 X - a +2 helmet of intelligence (worn)
Magical Staves
 g - a staff of conjuration (weapon)
Jewellery
 e - an amulet of regeneration
 f - a ring of ice
 j - an amulet of magic regeneration
 p - a +6 ring of intelligence (left hand)
 r - a ring of protection from cold
 w - the ring "Gauge" {rElec rPois MP+9}
   (You bought it in a shop on level 8 of the Dungeon)

   [ring of poison resistance]

   rElec:     It insulates you from electricity.
   rPois:     It protects you from poison.
   MP:        It affects your magic capacity (+9).
 A - a +4 ring of protection (right hand)
 E - a ring of protection from fire
 G - an amulet of reflection (around neck)
 O - a ring of resist corrosion
Wands
 b - a wand of flame (30)
 m - a wand of polymorph (11)
 q - a wand of digging (18)
 x - a wand of paralysis (18)
 K - a wand of iceblast (14)
 L - a wand of mindburst (9)
 N - a wand of charming (9)
 W - a wand of acid (4)
Scrolls
 a - 2 scrolls of silence
 o - 7 scrolls of identify
 y - 2 scrolls of fog
 z - 2 scrolls of amnesia
 H - 8 scrolls of teleportation
 I - a scroll of magic mapping
 P - a scroll of noise {unknown}
 S - a scroll of summoning
 U - a scroll of blinking
Potions
 d - 2 potions of heal wounds
 i - 4 potions of might
 k - 6 potions of brilliance
 l - 4 potions of flight
 n - a potion of berserk rage
 s - 3 potions of cancellation
 u - 11 potions of curing
 v - 7 potions of haste
 B - 2 potions of resistance
 C - a potion of invisibility
 D - 7 potions of magic
 F - 3 potions of lignification


   Skills:
 - Level 6.0 Fighting
 - Level 6.0 Staves
 - Level 9.0 Dodging
 - Level 6.0 Stealth
 - Level 13.0 Spellcasting
 - Level 15.0 Conjurations
 - Level 15.0 Hexes
 - Level 12.0 Translocations
 * Level 11.3 Ice Magic
 - Level 9.0 Invocations
 - Level 6.0 Evocations


You had 9 spell levels left.
You knew the following spells:

 Your Spells              Type           Power      Damage    Failure   Level
a - Magic Dart            Conj           100%       1d8       0%          1
b - Searing Ray           Conj           100%       2d8       0%          2
c - Iskenderun's Mystic   Conj/Tloc      100%       2d19      1%          4
d - Fulminant Prism       Conj/Hex       60%        3d27      1%          4
e - Ozocubu's Refrigerat  Ice            43%        4d13      11%         7
f - Apportation           Tloc           100%       N/A       0%          1
g - Freezing Cloud        Conj/Ice/Air   49%        6-21      1%          5
h - Orb of Destruction    Conj           60%        9d15      2%          7

Your spell library contained the following spells:

 Spells                   Type           Power      Damage    Failure   Level
 Freeze                   Ice            100%       1d11      0%          1
 Slow                     Hex            100%       N/A       0%          1
 Ensorcelled Hibernation  Hex/Ice        100%       N/A       0%          2
 Confusing Touch          Hex            98%        N/A       0%          3
 Dazzling Flash           Conj/Hex       100%       N/A       0%          3
 Portal Projectile        Hex/Tloc       100%       N/A       0%          3
 Passwall                 Tmut/Erth      21%        N/A       1%          2
 Scorch                   Fire           52%        2d7       1%          2
 Wereblood                Tmut           26%        N/A       1%          2
 Conjure Flame            Conj/Fire      92%        6-21      1%          3
 Frozen Ramparts          Ice            100%       1d12      1%          3
 Ozocubu's Armour         Ice            86%        N/A       1%          3
 Stone Arrow              Conj/Erth      100%       3d13      1%          3
 Anguish                  Hex/Necr       36%        N/A       1%          4
 Cause Fear               Hex            49%        N/A       1%          4
 Hailstorm                Conj/Ice       100%       3d20      1%          4
 Ice Form                 Ice/Tmut       64%        N/A       1%          4
 Sticky Flame             Conj/Fire      92%        2d10      1%          4
 Iskenderun's Battlesphe  Conj           100%       2d15      1%          5
 Manifold Assault         Tloc           89%        N/A       1%          5
 Metabolic Englaciation   Hex/Ice        46%        N/A       1%          5
 Summon Mana Viper        Hex/Summ       72%        N/A       1%          5
 Yara's Violent Unravell  Hex/Tmut       36%        3d15      1%          5
 Spider Form              Tmut/Pois      26%        N/A       3%          3
 Swiftness                Air            26%        N/A       3%          3
 Vampiric Draining        Necr           26%        2d7       3%          3
 Summon Lightning Spire   Summ/Air       26%        N/A       13%         4
 Alistair's Intoxication  Tmut/Pois      17%        N/A       34%         5
 Storm Form               Tmut/Air       13%        N/A       100%        7
 Maxwell's Capacitive Co  Air            13%        ∞         100%        8


Dungeon Overview and Level Annotations

Branches:
Dungeon (12/15)            Temple (1/1) D:6            Lair (6/6) D:10
 Shoals (1/4) Lair:3        Snake (1/4) Lair:4        Slime (0/5) Lair:5
    Orc (2/2) D:11            Elf (1/3) Orc:2       Ossuary (visited)
Gauntlet (visited)

Altars:
Ashenzari
Cheibriados
Dithmenos
Elyvilon
Fedhas
Gozag
Hepliaklqana
Kikubaaqudgha
Makhleb
Nemelex Xobeh
Okawaru
Qazlal
Ru
Sif Muna
Trog
Uskayaw
Vehumet
Wu Jian
Xom
Yredelemnul
Zin
The Shining One
Beogh

Shops:
D:8 (**[   D:9 [   Orc:1 [   Orc:2 !!!*   Elf:1 [(((

Annotations:
Lair:2 1 runed translucent door, TheDeanity's ghost, journeyman TrFi
Lair:3 2 transporters, fknight's ghost, journeyman GnBe


Message History

* * * LOW HITPOINT WARNING * * *
Casting: Iskenderun's Mystic Blast (safe; 1% risk of failure)
Confirm with . or Enter, or press ? or * to list all spells.
You feel a surge of power!
You erupt in a blast of force!
The mystic blast hits the merfolk javelineer!!
The merfolk javelineer is moderately wounded.
The merfolk javelineer is knocked back by the mystic blast.
The merfolk javelineer throws a javelin.
The javelin barely misses you.
Casting: Iskenderun's Mystic Blast (safe; 1% risk of failure)
Confirm with . or Enter, or press ? or * to list all spells.
Aiming: Fulminant Prism (safe; 1% risk of failure)
Press: ? - help, Dir - move target You feel a surge of power!
You conjure a prism of explosive energy!
A fulminant prism comes into view.
The merfolk javelineer throws a javelin.
The javelin pierces through your fulminant prism!
The javelin pierces through you.
* * * LOW HITPOINT WARNING * * *
Casting: Fulminant Prism (safe; 1% risk of failure)
Confirm with . or Enter, or press ? or * to list all spells.
Aiming: Orb of Destruction (dangerous; 2% risk of failure)
Press: ? - help, Shift-Dir - straight line, f - merfolk javelineer
Aim: a merfolk javelineer, wielding a +0 spear, wearing a +0 leather armour and quivering javelins (moderately wounded, ally target)
You feel a surge of power!
Really fire in your fulminant prism's direction?
Okay, then.
Casting: Orb of Destruction (dangerous; 2% risk of failure)
Confirm with . or Enter, or press ? or * to list all spells.
Aiming: Orb of Destruction (dangerous; 2% risk of failure)
Press: ? - help, Shift-Dir - straight line, f/p - merfolk javelineer
Aim: a merfolk javelineer, wielding a +0 spear, wearing a +0 leather armour and quivering javelins (moderately wounded, ally target)
You feel a surge of power!
Really fire in your fulminant prism's direction?
Your fulminant prism crackles loudly.
The merfolk javelineer throws a javelin.
The javelin pierces through your fulminant prism!
The javelin pierces through you!
You die...

.÷####..≈≈≈≈≈≈≈≈≈≈≈..#.......#
≈..#....≈≈≈≈≈≈≈≈≈≈...#.........
........≈..≈≈≈≈≈≈≈.....(.......
≈†............≈≈≈..≈≈≈≈≈≈≈≈≈.#.
≈.†...........≈≈≈≈≈≈m≈≈≈≈≈≈..#
≈..##.....≈≈≈≈≈≈≈≈≈*≈≈≈≈≈...##
≈...##........≈≈≈*≈≈≈≈≈≈≈....
≈≈..##..........☼≈≈≈≈≈≈≈≈≈..
≈..^###.≈≈..###.@≈..≈≈≈≈≈≈..
≈≈≈.###≈≈≈..###...≈≈≈≈≈≈≈≈≈
≈≈.....≈≈≈≈≈≈...≈≈≈≈≈≈≈≈≈≈≈≈≈≈≈≈.
≈≈≈...≈≈≈≈≈≈≈≈...≈≈.##.≈≈≈≈≈≈≈≈..
≈≈≈...≈.≈≈.≈≈≈≈≈≈....##≈≈≈≈≈≈≈≈..
≈≈≈≈..≈....≈≈≈≈≈≈≈≈....≈≈≈≈≈≈≈≈≈.
≈≈≈≈...≈...≈≈≈≈≈≈≈≈..≈≈≈≈≈≈≈≈≈≈≈≈
≈≈≈≈..≈≈≈..≈≈≈≈≈≈≈≈..≈≈≈≈≈≈≈≈≈≈≈≈
≈≈≈..≈.≈≈.≈≈≈≈≈≈≈≈...≈≈≈≈≈≈≈≈≈≈≈≈


You could see a merfolk javelineer (ally target) and a friendly fulminant prism.

Vanquished Creatures
  A deep elf demonologist (Elf:1)
  A minotaur (Gauntlet)
  The ghost of Hairutzoic the Fighter, a journeyman MiBe of Trog (Lair:5)
  2 dire elephants
  Snorg (D:11)
  A fire dragon (Lair:6)
  3 merfolk impalers (Shoals:1)
  12 hydras
  Fannar (D:12)
  3 boulder beetles
  2 catoblepae (Lair:6)
  An anaconda (Lair:4)
  2 merfolk aquamancers (Shoals:1)
  2 two-headed ogres
  8 death yaks
  3 dancing weapons (Elf:1)
  An orc high priest (Orc:1)
  3 deep elf knights (Elf:1)
  A sixfirhy (Gauntlet)
  A sea snake (Shoals:1)
  A swamp dragon (Lair:6)
  17 harpies (Shoals:1)
  A lindwurm (Lair:6)
  2 wizards (Gauntlet)
  A deep elf archer (Elf:1)
  6 orc knights (Orc:2)
  2 deep elf zephyrmancers (Elf:1)
  3 deep elf pyromancers (Elf:1)
  An orc sorcerer (Orc:2)
  3 fauns (Shoals:1)
  The ghost of PerfectTommy the Fighter, a novice GrBe of Trog (D:7)
  A cyclops (D:12)
  7 manticores
  Maurice (D:10)
  A water nymph (Shoals:1)
  11 elephants
  A torpor snail (Lair:6)
  11 black mambas
  A merfolk siren (Shoals:1)
  2 minotaur zombies (Gauntlet)
  11 cane toads
  A kobold demonologist (D:11)
  An unseen horror (D:10)
  12 komodo dragons
  3 rime drakes
  3 trolls
  3 polar bears (Lair:2)
  A hornet (shapeshifter) (Elf:1)
  A queen bee (Lair:1)
  5 merfolk (Shoals:1)
  13 blink frogs
  A wind drake (Shoals:1)
  A raiju (Gauntlet)
  A snapping turtle (Shoals:1)
  13 dream sheep
  4 centaur simulacra (Gauntlet)
  An air elemental (Elf:1)
  4 water elementals
  2 wraiths (D:11)
  6 wyverns
  65 yaks
  A fire elemental (Elf:1)
  3 steam dragons
  3 basilisks
  8 wargs
  2 nagas (Lair:4)
  12 water moccasins
  4 acid dragons
  A swamp drake (Lair:6)
  2 ice beasts
  43 orc warriors
  2 black bears
  A sky beast (D:8)
  3 ogres
  23 wolves
  3 centaurs
  3 kobold brigands
  8 bullfrogs
  A gnoll sergeant (D:9)
  7 scorpions
  An earth elemental (Elf:1)
  A water moccasin skeleton (D:4)
  A hornet simulacrum (Gauntlet)
  4 wights (D:8)
  35 killer bees
  4 electric eels (Lair:1)
  3 howler monkeys
  4 centaur zombies
  3 human zombies (Ossuary)
  4 jellies
  A hound (D:5)
  13 orc priests
  3 centaur skeletons
  10 iguanas
  Natasha (thrice) (D:2)
  18 orc wizards
  4 scorpion zombies (Ossuary)
  A lightning spire (Gauntlet)
  4 hell rats (Lair:6)
  A hound zombie (D:5)
  3 mummies (Ossuary)
  2 hound skeletons (D:5)
  A howler monkey zombie (D:9)
  7 adders
  4 gnolls (D:9)
  6 river rats (Lair:6)
  4 shadow imps
  5 white imps
  4 ufetubi
  An adder skeleton (D:5)
  2 worms (D:3)
  5 dart slugs
  99 orcs
  14 endoplasms
  5 giant cockroaches
  A gnoll zombie (Ossuary)
  5 goblins
  3 hobgoblins
  15 kobolds
  4 quokkas (D:3)
  6 ball pythons
  8 bats
  10 frilled lizards
  A goblin zombie (Ossuary)
  2 hobgoblin zombies (Ossuary)
  3 kobold zombies (Ossuary)
  2 orc zombies (Ossuary)
  12 rats
  A fulminant prism (Orc:2)
759 creatures vanquished.

Vanquished Creatures (collateral kills)
  A cane toad (Lair:3)
  A komodo dragon (Lair:3)
2 creatures vanquished.

Vanquished Creatures (others)
  A human (D:9)
  A bush (Lair:4)
  202 fulminant prisms
  70 fungi
  182 plants
456 creatures vanquished.

Grand Total: 1217 creatures vanquished

Notes
Turn   | Place    | Note
-------+----------+-------------------------------------------
     0 | D:1      | pkoi the Deep Elf Conjurer began the quest for the Orb.
     0 | D:1      | Reached XP level 1. HP: 10/10 MP: 6/6
   265 | D:1      | Reached XP level 2. HP: 15/15 MP: 6/8
   401 | D:1      | Reached skill level 5 in Conjurations
   698 | D:1      | Got the Collected Works on Igneous Dislocation
  1007 | D:2      | Reached XP level 3. HP: 19/19 MP: 5/9
  1252 | D:2      | Noticed Natasha
  1262 | D:2      | Killed Natasha
  1861 | D:2      | Found a faded altar of an unknown god.
  2016 | D:2      | Noticed Natasha
  2022 | D:2      | Killed Natasha
  2023 | D:2      | Reached XP level 4. HP: 23/24 MP: 3/10
  2033 | D:2      | Noticed Natasha
  2037 | D:2      | Killed Natasha
  2652 | D:3      | Learned a level 2 spell: Searing Ray
  2958 | D:3      | Learned a level 4 spell: Iskenderun's Mystic Blast
  3155 | D:3      | Reached XP level 5. HP: 26/28 MP: 7/11
  3955 | D:3      | Reached skill level 1 in Translocations
  4333 | D:4      | Learned a level 4 spell: Fulminant Prism
  4929 | D:4      | Reached skill level 1 in Hexes
  4929 | D:4      | Reached XP level 6. HP: 32/32 MP: 6/14
  6032 | D:5      | Entered Level 5 of the Dungeon
  6236 | D:5      | Reached XP level 7. HP: 36/36 MP: 11/15
  7741 | D:5      | Reached skill level 5 in Hexes
  8040 | D:6      | Found a staircase to the Ecumenical Temple.
  8053 | D:6      | Reached XP level 8. HP: 41/41 MP: 9/16
  8065 | Temple   | Entered the Ecumenical Temple
  8261 | Temple   | Became a worshipper of Sif Muna the Loreminder
  8431 | D:6      | Found a sand-covered staircase.
  8440 | Ossuary  | Entered an ossuary
  8686 | Ossuary  | Reached skill level 5 in Translocations
  9478 | D:6      | Reached * piety under Sif Muna
 10304 | D:7      | Reached XP level 9. HP: 45/45 MP: 12/17
 10585 | D:7      | Found a broken altar of Ashenzari.
 10720 | D:7      | Found a runed translucent gate.
 10720 | D:7      | Noticed PerfectTommy's ghost (novice GrBe)
 10721 | D:7      | Found a runed translucent gate.
 10723 | D:7      | Found a runed translucent gate.
 11000 | D:7      | Reached skill level 10 in Conjurations
 12368 | D:8      | Found Xiumupa's General Store.
 12393 | D:8      | Found Rollummu's Antique Armour Shoppe.
 12820 | D:8      | You fall into a shaft and drop 2 floors!
 12820 | D:10     | Entered Level 10 of the Dungeon
 12820 | D:10     | Found a staircase to the Lair.
 12827 | Lair:1   | Entered Level 1 of the Lair of Beasts
 13336 | Lair:1   | Noticed a cane toad
 13342 | Lair:1   | Killed a cane toad
 13517 | Lair:1   | Noticed a cane toad
 13543 | Lair:1   | Killed a cane toad
 13544 | Lair:1   | Reached XP level 10. HP: 10/50 MP: 7/18
 13545 | Lair:1   | Reached skill level 10 in Hexes
 13869 | Lair:1   | Noticed a cane toad
 13877 | Lair:1   | Killed a cane toad
 13878 | Lair:1   | Reached skill level 1 in Invocations
 14792 | Lair:1   | Reached ** piety under Sif Muna
 15656 | Lair:1   | Reached XP level 11. HP: 54/54 MP: 7/19
 16068 | Lair:2   | Reached skill level 10 in Translocations
 16799 | Lair:2   | Reached skill level 5 in Invocations
 17443 | Lair:2   | Noticed a six-headed hydra
 17451 | Lair:2   | Killed a six-headed hydra
 17603 | Lair:2   | Noticed a four-headed hydra
 17610 | Lair:2   | Killed a four-headed hydra
 18385 | Lair:2   | Found a runed translucent door.
 18385 | Lair:2   | Found a shimmering altar of Xom.
 18385 | Lair:2   | Noticed TheDeanity's ghost (journeyman TrFi)
 18385 | Lair:2   | Identified the +8 war axe "Emnugageth" {chaos, rPois Int+3
                  | SInv}
 18385 | Lair:2   | Noticed a +8 war axe "Emnugageth" {chaos, rPois Int+3 SInv}
 18692 | Lair:3   | Noticed a seven-headed hydra
 19148 | Lair:3   | Killed a seven-headed hydra
 19407 | Lair:3   | Found a transporter.
 19410 | Lair:3   | Noticed fknight's ghost (journeyman GnBe)
 19519 | Lair:3   | Found a staircase to the Shoals.
 19768 | Lair:3   | Noticed a seven-headed hydra
 19774 | Lair:3   | Killed a seven-headed hydra
 19778 | Lair:3   | Reached XP level 12. HP: 58/59 MP: 4/20
 19958 | Lair:3   | Found a transporter.
 20014 | Lair:3   | Identified the +6 shortbow "Ocafech" {flame, Dex+6}
 20630 | Lair:4   | Found a staircase to the Snake Pit.
 21070 | Lair:4   | Reached skill level 1 in Fighting
 21414 | Lair:4   | Reached *** piety under Sif Muna
 21625 | Lair:4   | Reached skill level 5 in Spellcasting
 22419 | Lair:5   | Found a staircase to the Slime Pits.
 23022 | Lair:5   | Noticed a boulder beetle
 23042 | Lair:5   | Killed a boulder beetle
 23053 | Lair:5   | Reached skill level 5 in Dodging
 23237 | Lair:5   | Noticed a seven-headed hydra
 23245 | Lair:5   | Killed a seven-headed hydra
 23749 | Lair:5   | Noticed an eight-headed hydra
 23767 | Lair:5   | Killed an eight-headed hydra
 23921 | D:10     | Reached XP level 13. HP: 68/68 MP: 13/25
 24886 | D:10     | Noticed Maurice
 24891 | D:10     | Killed Maurice
 26187 | D:9      | Found Ileucuwn's Armour Emporium.
 26190 | D:9      | Found an ancient bone altar of Kikubaaqudgha.
 26241 | D:9      | Reached **** piety under Sif Muna
 26500 | D:9      | Learned a level 7 spell: Ozocubu's Refrigeration
 27153 | D:8      | Identified the +5 mace of Bedyaxua {spect, *Rage Int+8
                  | Dex-4 SInv}
 27394 | D:8      | Found Vaz Kud's Antique Weapon Shop.
 27436 | D:8      | Bought a tattered robe for 193 gold pieces
 27436 | D:8      | Identified the +0 robe of Foolhardiness {+Inv Str+2 SInv}
                  | (You bought it in a shop on level 8 of the Dungeon)
 27436 | D:8      | Bought a ripped robe for 193 gold pieces
 27436 | D:8      | Identified the +1 robe of Metoybb {Str+5 Int-3 Dex+3} (You
                  | bought it in a shop on level 8 of the Dungeon)
 27436 | D:8      | Bought an ichor-stained robe for 193 gold pieces
 27436 | D:8      | Identified the +0 robe of Wone {Fly Will- SInv} (You bought
                  | it in a shop on level 8 of the Dungeon)
 27451 | D:8      | Bought a masterwork leather armour for 238 gold pieces
 27451 | D:8      | Identified the +1 leather armour of Springtime {Dex+2} (You
                  | bought it in a shop on level 8 of the Dungeon)
 27545 | D:8      | Found Hicon's General Store.
 27763 | D:7      | Killed PerfectTommy's ghost
 28239 | Lair:5   | Reached skill level 1 in Ice Magic
 28501 | Lair:5   | Found a runed translucent gate.
 28501 | Lair:5   | Found a runed translucent gate.
 28501 | Lair:5   | Found a runed translucent gate.
 28503 | Lair:5   | Noticed Hairutzoic's ghost (journeyman MiBe)
 28900 | Lair:5   | Identified the +2 flail "Nihoceis" {protect, rCorr Dex+3}
 28947 | Lair:6   | Entered Level 6 of the Lair of Beasts
 30295 | Lair:6   | Reached ***** piety under Sif Muna
 30577 | Lair:6   | Reached skill level 5 in Fighting
 31144 | Lair:6   | Noticed a dire elephant
 31164 | Lair:6   | Killed a dire elephant
 31582 | Lair:6   | Reached XP level 14. HP: 46/78 MP: 10/29
 32149 | Lair:6   | Found the +8 whip "Snakebite" {venom, curare, rPois}
 32262 | Lair:6   | Received a gift from Sif Muna
 32263 | Lair:6   | Got Sif Muna's Reference Book on the Unstable Birds {god
                  | gift}
 32813 | Lair:6   | Learned a level 1 spell: Apportation
 32839 | Lair:6   | Reached skill level 5 in Stealth
 33073 | Lair:6   | Reached skill level 15 in Hexes
 33076 | Lair:6   | Reached skill level 10 in Spellcasting
 33494 | Lair:5   | Killed Hairutzoic's ghost
 33621 | Lair:5   | Identified the +4 long sword of Intuition {elec, rF+ rN+
                  | Int+2}
 34364 | Lair:6   | Reached skill level 1 in Staves
 34467 | Lair:6   | Identified the +1 robe of Glamorous Leaves {rCorr}
 34679 | D:8      | Bought the ring "Gauge" {rElec rPois MP+9} for 740 gold
                  | pieces
 34854 | Snake:1  | Entered Level 1 of the Snake Pit
 34991 | Lair:4   | Learned a level 5 spell: Freezing Cloud
 35426 | D:11     | Identified the +2 scale mail "Onirph" {Str+3}
 35432 | D:11     | Noticed Snorg
 35440 | D:11     | Killed Snorg
 35441 | D:11     | Reached skill level 5 in Ice Magic
 35441 | D:11     | Reached skill level 1 in Evocations
 36815 | D:11     | Found a staircase to the Orcish Mines.
 37324 | D:12     | Noticed Fannar
 37328 | D:12     | Killed Fannar
 37615 | D:12     | Found a gate leading to a gauntlet.
 37627 | Gauntlet | Entered a Gauntlet
 37627 | Gauntlet | Found a transporter.
 37634 | Gauntlet | Found a runed translucent gate.
 37636 | Gauntlet | Found a transporter.
 37637 | Gauntlet | Found a runed translucent gate.
 37638 | Gauntlet | Found a runed translucent gate.
 37639 | Gauntlet | Found a transporter.
 37640 | Gauntlet | Found a transporter.
 37644 | Gauntlet | Found a runed translucent door.
 37644 | Gauntlet | Found a runed translucent door.
 37648 | Gauntlet | Found a transporter.
 37651 | Gauntlet | Found a transporter.
 37652 | Gauntlet | Found a transporter.
 37662 | Gauntlet | Found a transporter.
 37664 | Gauntlet | Found a transporter.
 37665 | Gauntlet | Found a transporter.
 37672 | Gauntlet | Found a runed translucent door.
 37674 | Gauntlet | Found a transporter.
 37677 | Gauntlet | Found a transporter.
 37678 | Gauntlet | Found a transporter.
 37686 | Gauntlet | Found a transporter.
 37971 | Gauntlet | Identified the +9 plate armour "Oqei" {+Blink}
 38162 | Gauntlet | Identified the +4 pair of boots of Hittil {rF+ Str+4}
 39995 | Lair:4   | Reached skill level 15 in Conjurations
 40161 | Orc:1    | Entered Level 1 of the Orcish Mines
 40219 | Orc:1    | Received a gift from Sif Muna
 40222 | Orc:1    | Got Sif Muna's Reference Book on the Bewitching Glacier
                  | {god gift}
 40512 | Orc:1    | Found Soejemp's Armour Shop.
 40749 | Orc:2    | Entered Level 2 of the Orcish Mines
 40753 | Orc:2    | Reached XP level 15. HP: 84/84 MP: 32/32
 41028 | Orc:2    | Paralysed by an orc sorcerer for 6 turns
 41149 | Orc:2    | Reached skill level 5 in Staves
 41908 | Orc:2    | Found Kemy's Distillery.
 41908 | Orc:2    | Found Qotzok's Distillery.
 41958 | Orc:2    | Received a gift from Sif Muna
 41959 | Orc:2    | Got Sif Muna's Catalogue of Combat Magic {god gift}
 41968 | Orc:2    | Learned a level 7 spell: Orb of Destruction
 42072 | Orc:2    | Bought 2 potions of heal wounds for 120 gold pieces
 42072 | Orc:2    | Bought 2 potions of heal wounds for 120 gold pieces
 42072 | Orc:2    | Bought a potion of berserk rage for 60 gold pieces
 42158 | Orc:2    | Found a staircase to the Elven Halls.
 42216 | Orc:2    | Found Georen's Assorted Antiques.
 42216 | Orc:2    | Found Voiwnim's Distillery.
 42253 | Orc:2    | Bought a steaming robe for 171 gold pieces
 42253 | Orc:2    | Identified the +1 robe "Muida" {rElec rPois rCorr} (You
                  | bought it in a shop on level 2 of the Orcish Mines)
 42284 | Orc:2    | Bought 2 potions of haste for 280 gold pieces
 42284 | Orc:2    | Bought a potion of haste for 140 gold pieces
 43014 | Elf:1    | Entered Level 1 of the Elven Halls
 43170 | Elf:1    | Found a radiant altar of Vehumet.
 43591 | Elf:1    | Found Ettu's Antique Weapon Shoppe.
 43592 | Elf:1    | Found Ajalounk's Weapon Shoppe.
 43595 | Elf:1    | Found Tizec's Weapon Shoppe.
 43596 | Elf:1    | Found Rentodet's Antique Armour Shoppe.
 43850 | Elf:1    | Reached skill level 5 in Evocations
 44511 | Shoals:1 | Entered Level 1 of the Shoals
 45621 | Shoals:1 | Reached skill level 10 in Ice Magic
 46026 | Shoals:1 | HP: 4/84 [merfolk javelineer/javelin (7)]
 46031 | Shoals:1 | Hit by a javelin thrown by a merfolk javelineer

Illustrated notes

Levels and vault maps discovered:
D:1:      grunt_arrival_lava_bath, layout_basic, minivault_5,
          amcnicky_mini_rare_corridor_liquid
D:2:      layout_basic, dreamdust_ecumenical_altar_hidden_monk_grotto,
          wander_ebering_terrifying_dragon_lair, uniq_natasha
D:3:      minmay_bubble_buster, layout_loops_cross, minmay_cupped
D:4:      layout_layer_cave
D:5:      layout_basic, kennysheep_opposing_triangles
D:6:      layout_rooms, minmay_temple_entry_purple_smoke,
          nicolae_ossuary_entry_monument
D:7:      layout_loops_ring, evilmike_ruin_ashenzari, biasface_ghost_orc_armoury
D:8:      layout_rooms, serial_shops, nicolae_shop_hallway_plus, shop, shop,
          nicolae_diamond_shop
D:9:      layout_roguey, tgw_kikubaaqudgha, serial_shops,
          nicolae_shop_waterfront, hangedman_decor_lopped
D:10:     minmay_evil_eye, layout_gridville, lair_entry_dummy,
          minmay_stone_trees_small, uniq_maurice
D:11:     layout_big_octagon, hiddenorc2_lemuel, moated_statue, uniq_snorg
D:12:     layout_layer_cave, gauntlet_entry_generic, uniq_fannar
Temple:   mainiacjoe_temple_cubbyholes
Lair:1:   layout_gridlike, special_room [special_room_bee], fungi_pond_lemuel,
          serial_bayou_ford_a, serial_bayou_shore_a
Lair:2:   layout_loops_ring, ebering_ghost_xom, lemuel_fruit_tree,
          grunt_megastairs_1
Lair:3:   layout_cave_shapes, shoals_dummy_entry,
          gammafunk_ghost_berserking_beasts
Lair:4:   layout_regular_city, guppyfry_snake_entry_garden, grunt_megastairs_2
Lair:5:   layout_small_grid, slime_dummy, gammafunk_ghost_hydra_chop,
          lemuel_fruit_fields, grunt_megastairs_5, infiniplex_staircase_pool
Lair:6:   guppyfry_lair_end_dragon, layout_cave_shapes,
          hangedman_lair_in_review, kennysheep_abandoned_house,
          serial_bayou_shore_b
Shoals:1: layout_shoals, nicolae_shoals_water_booths
Snake:1:  layout_layer_cave, basic_altar
Orc:1:    layout_caves, serial_shops, shop
Orc:2:    st_orc_town, layout_diamond_mine
Elf:1:    eino_elf_arrival_altar, layout_loops_corners,
          hangedman_corner_corridor, minmay_shop_grid_forest,
          grunt_ministairs_8, uniq_asterion

Skill      XL: |  1  2  3  4  5  6  7  8  9 10 11 12 13 14 15 |
---------------+----------------------------------------------+-----
Conjurations   | 5 6 7 8 9 11 12 13 14 15 | 15.0
Translocations | 1 3 4 6 8 9 11 12 | 12.0
Spellcasting   | 4 6 9 11 13 | 13.0
Hexes          | 1 3 5 7 9 11 13 14 15 | 15.0
Invocations    | 4 7 8 9 |  9.0
Dodging        | 5 8 9 |  9.0
Fighting       | 3 5 6 |  6.0
Ice Magic      | 2 6 11 | 11.3
Stealth        | 4 6 |  6.0
Staves         | 4 6 |  6.0
Evocations     | 3 6 |  6.0

Action                   |  1- 3 |  4- 6 |  7- 9 | 10-12 | 13-15 || total
-------------------------+-------+-------+-------+-------+-------++-------
Melee: Staff             |       |       |    24 |    27 |    17 ||    68
       Punch             |       |       |       |       |     1 ||     1
 Cast: Magic Dart        |    65 |   119 |   100 |    59 |   107 ||   450
       Searing Ray       |       |     8 |    17 |     1 |     1 ||    27
       Iskenderun's Myst |       |       |    56 |   134 |   325 ||   515
       Fulminant Prism   |       |       |     9 |    48 |   147 ||   204
       Freezing Cloud    |       |       |       |       |    14 ||    14
       Orb of Destructio |       |       |       |       |    13 ||    13
Invok: Channel Magic     |       |       |       |     8 |     7 ||    15
Evoke: Wand              |       |       |       |     1 |     1 ||     2
  Use: Scroll            |       |     5 |    13 |     5 |     7 ||    30
       Potion            |       |       |       |       |     4 ||     4
 Stab: Paralysed         |       |       |       |     5 |       ||     5
Armor: Robe              |     3 |    21 |    33 |    35 |    64 ||   156
Dodge: Dodged            |     6 |    23 |    47 |    58 |   129 ||   263
Block: Other             |       |       |       |       |    16 ||    16
       Reflection        |       |       |       |       |     4 ||     4
